[Event "ICC tourney 2556 (25 5)"]
[Site "Internet Chess Club"]
[Date "2021.05.08"]
[Round "4"]
[White "IAROVICH, SHACHAR:K05-16865995"]
[Black "KANNAN, VIJAY:K05-16132744"]
[Result "0-1"]
[ICCResult "White resigns"]
[WhiteElo "1051"]
[BlackElo "1618"]
[Opening "Sicilian defense"]
[ECO "B40"]
[NIC "SI.43"]
[Time "17:33:26"]
[PlyCount "60"]
[TimeControl "1500+5"]

1. e4 c5 2. Nf3 e6 3. Bc4 Nc6 4. O-O Nf6 5. Nc3 Be7 6. d3 O-O 7. Bf4 d5 8.
Bb3 Re8 9. e5 Nd7 10. Qe2 f6 11. exf6 Nxf6 12. Rae1 Bd6 13. Bxd6 Qxd6 14.
Qe3 d4 15. Nb5 Qd8 16. Ng5 dxe3 17. Rxe3 a6 18. Nc3 Nd4 19. Ne2 Nxb3 20.
axb3 Ng4 21. Nxe6 Rxe6 22. Rxe6 Bxe6 23. Nf4 Qd6 24. g3 g5 25. Nh5 Ne5 26.
Nf6+ Kg7 27. Ne4 Qe7 28. Re1 Nf3+ 29. Kf1 Nxe1 30. Kxe1 Bf5 { White resigns
} 0-1

[Event "ICC tourney 2556 (25 5)"]
[Site "Internet Chess Club"]
[Date "2021.05.08"]
[Round "4"]
[White "NILES, NOAH:K05-30027195"]
[Black "JOSHI, AARAV:K05-30026655"]
[Result "0-1"]
[ICCResult "White checkmated"]
[WhiteElo "408"]
[BlackElo "834"]
[Opening "Sicilian"]
[ECO "B50"]
[NIC "SI.01"]
[Time "17:31:41"]
[PlyCount "134"]
[TimeControl "1500+5"]

1. e4 c5 2. Nf3 d6 3. c3 Nf6 4. d4 cxd4 5. cxd4 Nc6 6. Nc3 Bg4 7. Be2 e6 8.
O-O Be7 9. Bg5 O-O 10. d5 Ne5 11. Nxe5 Bxe2 12. Nxe2 dxe5 13. dxe6 fxe6 14.
a3 h6 15. Bxf6 Bxf6 16. Nc3 Bh4 17. Nb1 Qf6 18. Qe2 Rac8 19. Nd2 Rf7 20.
Nf3 Bg5 21. Qb5 Rc2 22. Qxe5 Qxe5 23. Nxe5 Rf6 24. Rad1 Bh4 25. g3 Bg5 26.
f4 Bxf4 27. gxf4 Re2 28. b4 Rxe4 29. Rd8+ Kh7 30. Nd3 Re2 31. Rf2 Rg6+ 32.
Kf1 Re3 33. Rd7 Rg4 34. Ne5 Rh4 35. Rxb7 Rxa3 36. Re7 Ra4 37. Nc6 Ra1+ 38.
Ke2 Ra2+ 39. Ke3 Rh3+ 40. Rf3 Ra3+ 41. Ke2 Rhxf3 42. Rxe6 Rh3 43. Kd2 Rxh2+
44. Re2 Ra2+ 45. Kd3 Rhxe2 46. Nxa7 Rxa7 47. b5 Rb7 48. b6 Rxb6 49. Kxe2
Rf6 50. Ke3 h5 51. Kf3 h4 52. Kg4 h3 53. Kxh3 Rxf4 54. Kg3 Rf6 55. Kg4 Rg6+
56. Kf5 Rg1 57. Kf4 g5+ 58. Kf3 g4+ 59. Kf2 Ra1 60. Kg3 Ra4 61. Kg2 Kh6 62.
Kg3 Kh5 63. Kg2 Kh4 64. Kh2 g3+ 65. Kg2 Ra2+ 66. Kf1 Kh3 67. Kg1 Ra1# {
White checkmated } 0-1

[Event "ICC tourney 2556 (25 5)"]
[Site "Internet Chess Club"]
[Date "2021.05.08"]
[Round "4"]
[White "MORITANI, SHO:K05-16760848"]
[Black "CHEN, JOCELYN:K05-15671677"]
[Result "0-1"]
[ICCResult "White resigns"]
[WhiteElo "1456"]
[BlackElo "1775"]
[Opening "Sicilian: Canal-Sokolsky attack, 3...Bd7"]
[ECO "B52"]
[NIC "SI.01"]
[Time "17:32:25"]
[PlyCount "68"]
[TimeControl "1500+5"]

1. e4 c5 2. Nf3 d6 3. Bb5+ Bd7 4. Bxd7+ Nxd7 5. O-O Ngf6 6. Re1 g6 7. c3
Bg7 8. d4 cxd4 9. cxd4 Qb6 10. Nc3 O-O 11. Rb1 Rac8 12. Bg5 h6 13. Bh4 g5
14. Bg3 Nh5 15. Nd5 Qd8 16. Qd3 Nxg3 17. hxg3 e6 18. Nc3 a6 19. a4 Nb6 20.
Rbc1 Nc4 21. b3 Na5 22. Nd2 Qb6 23. Ne2 Nc6 24. Nc4 Qb4 25. d5 exd5 26.
Qxd5 Rcd8 27. Ne3 Rfe8 28. f3 Qb6 29. Qd2 f5 30. Nc3 f4 31. Nd5 fxe3 32.
Rxe3 Qa5 33. Qxa5 Nxa5 34. Rc7 Bd4 { White resigns } 0-1

[Event "ICC tourney 2556 (25 5)"]
[Site "Internet Chess Club"]
[Date "2021.05.08"]
[Round "4"]
[White "KANCHERLA, ROHAN:K05-16710337"]
[Black "VENKATARAJA, LINGAADYAKSSH:K05-15495814"]
[Result "0-1"]
[ICCResult "White checkmated"]
[WhiteElo "944"]
[BlackElo "1352"]
[Opening "St. George (Baker) defense"]
[ECO "B00"]
[NIC "VO.17"]
[Time "17:43:16"]
[PlyCount "134"]
[TimeControl "1500+5"]

1. e4 a6 2. Nf3 b5 3. d4 Bb7 4. Nc3 e6 5. a3 d6 6. Bd2 Nf6 7. Bd3 Be7 8.
O-O h6 9. e5 Nd5 10. Be4 Nxc3 11. Bxc3 Bxe4 12. Re1 Bb7 13. Qd3 dxe5 14.
Nxe5 O-O 15. Qg3 Bh4 16. Qh3 Qf6 17. Nf3 Bxf3 18. gxf3 Bg5 19. d5 Qg6 20.
dxe6 Bd2+ 21. Kh1 Bxe1 22. Rxe1 fxe6 23. Rxe6 Qf7 24. Qg4 Qxf3+ 25. Qg2
Qxg2+ 26. Kxg2 Nd7 27. Rg6 Rf7 28. Rc6 Raf8 29. Bd4 Nb8 30. Rg6 Rd8 31. Bc3
Rd6 32. Rg3 Kh7 33. Re3 Rg6+ 34. Kf1 Nc6 35. Ke2 Re7 36. Rxe7 Nxe7 37. Bb4
Re6+ 38. Kd2 Nd5 39. Bc5 Rc6 40. Bd4 Rg6 41. Be5 Re6 42. Bg3 g5 43. Kd3
Nf4+ 44. Kc3 Ne2+ 45. Kb3 Nxg3 46. fxg3 Re2 47. h4 gxh4 48. gxh4 Re4 49. h5
Rh4 50. c4 bxc4+ 51. Kc3 Rxh5 52. b3 cxb3 53. a4 Ra5 54. Kxb3 Rxa4 55. Kb2
Kg6 56. Kb1 Kf5 57. Kc2 Ke4 58. Kd2 Rd4+ 59. Ke2 Rd3 60. Kf2 Re3 61. Kg2
Rf3 62. Kh2 Kf4 63. Kg2 Kg4 64. Kh2 Rg3 65. Kh1 Kf3 66. Kh2 Kf2 67. Kh1
Rh3# { White checkmated } 0-1

[Event "ICC tourney 2556 (25 5)"]
[Site "Internet Chess Club"]
[Date "2021.05.08"]
[Round "4"]
[White "OWUSU BOAKYE, KWAME:K05-30105948"]
[Black "MUKHILAN A SAMPATH, KAVIN:K05-30070336"]
[Result "1-0"]
[ICCResult "Black resigns"]
[WhiteElo "713"]
[BlackElo "1105"]
[Opening "Scotch game"]
[ECO "C45"]
[NIC "SO.05"]
[Time "17:32:35"]
[PlyCount "83"]
[TimeControl "1500+5"]

1. e4 e5 2. Nf3 Nc6 3. d4 exd4 4. Nxd4 Bc5 5. Be3 Bxd4 6. Bxd4 Nf6 7. Nc3
O-O 8. Be2 d6 9. O-O Re8 10. Bf3 Qe7 11. Re1 Nxd4 12. Qxd4 d5 13. Nxd5 Nxd5
14. Qxd5 Rb8 15. Rad1 Be6 16. Qa5 a6 17. a3 Red8 18. Rxd8+ Rxd8 19. e5 c6
20. Qc3 Bd5 21. Bxd5 Rxd5 22. Qh3 Qd7 23. Qxd7 Rxd7 24. Kf1 Rd2 25. Re2 Rd7
26. Ke1 Kf8 27. Rd2 Ke7 28. Rxd7+ Kxd7 29. Ke2 Ke6 30. f4 Kf5 31. Kf3 Ke6
32. Ke4 g6 33. g4 Ke7 34. f5 gxf5+ 35. Kxf5 h6 36. h4 b5 37. g5 hxg5 38.
Kxg5 Kf8 39. h5 Ke7 40. h6 Kf8 41. Kf6 Kg8 42. h7+ { Black resigns } 1-0

[Event "ICC tourney 2556 (25 5)"]
[Site "Internet Chess Club"]
[Date "2021.05.08"]
[Round "4"]
[White "VU, CAROLINE:K05-16155397"]
[Black "BHATTACHARJEE, RIJU:K05-16538876"]
[Result "0-1"]
[ICCResult "White checkmated"]
[WhiteElo "896"]
[BlackElo "1270"]
[Opening "Giuoco Pianissimo: Italian four knights variation"]
[ECO "C50"]
[NIC "IG.02"]
[Time "17:33:35"]
[PlyCount "98"]
[TimeControl "1500+5"]

1. e4 e5 2. Bc4 Bc5 3. Nf3 Nc6 4. Nc3 Nf6 5. d3 d6 6. h3 h6 7. Be3 Bb6 8.
Qd2 Be6 9. Bxe6 fxe6 10. O-O-O Bxe3 11. Qxe3 Qd7 12. Rhe1 O-O-O 13. d4 exd4
14. Nxd4 Kb8 15. Ndb5 a6 16. Nd4 Nxd4 17. Rxd4 e5 18. Rdd1 g5 19. Nd5 Nxd5
20. exd5 Rhf8 21. Rf1 Rf4 22. a3 Rdf8 23. f3 Qa4 24. Rd2 e4 25. Rdf2 exf3
26. gxf3 Qc4 27. b3 Qxd5 28. Kb1 Qe5 29. Qd3 Rh4 30. Re2 Qf6 31. Ref2 Rxh3
32. Qe3 Qf4 33. Qd3 Rh2 34. Rxh2 Qxh2 35. Qh7 Qh5 36. Re1 Qxf3 37. Qg7 Qf6
38. Qxf6 Rxf6 39. Re8+ Ka7 40. Re7 Kb6 41. a4 h5 42. b4 g4 43. Re4 g3 44.
Rc4 g2 45. a5+ Kb5 46. Kb2 Kxc4 47. c3 Rf2+ 48. Ka3 g1=R 49. Ka4 Ra1# {
White checkmated } 0-1

[Event "ICC tourney 2556 (25 5)"]
[Site "Internet Chess Club"]
[Date "2021.05.08"]
[Round "4"]
[White "COE, CAMERON:K05-16062903"]
[Black "PAK, KINGSTON:K05-30066451"]
[Result "1-0"]
[ICCResult "Black checkmated"]
[WhiteElo "915"]
[BlackElo "1303"]
[Opening "Benoni: classical, 8.Bg5"]
[ECO "A71"]
[NIC "BI.19"]
[Time "17:32:49"]
[PlyCount "123"]
[TimeControl "1500+5"]

1. d4 Nf6 2. c4 c5 3. d5 e6 4. Nc3 exd5 5. cxd5 g6 6. Nf3 Bg7 7. e4 d6 8.
Bg5 O-O 9. Bc4 Re8 10. O-O Bg4 11. Re1 Nbd7 12. h3 Bxf3 13. Qxf3 Ne5 14.
Qe2 Nxc4 15. Qxc4 h6 16. Bh4 a6 17. Rad1 b5 18. Qd3 Qa5 19. a3 b4 20. axb4
Qxb4 21. Rb1 Nd7 22. Bg3 Be5 23. Bxe5 Nxe5 24. Qc2 Nc4 25. Na2 Qb5 26. Qe2
Ne5 27. Qxb5 axb5 28. Nc3 b4 29. Ne2 Nd7 30. Ng3 Nf6 31. b3 Ra2 32. f3 Nh5
33. Nxh5 gxh5 34. Rf1 h4 35. Rf2 Ra3 36. Kh2 Kh7 37. Kg1 Rg8 38. Kh2 Rg3
39. Kh1 Kg6 40. Kh2 Kf6 41. Rd2 Ke5 42. Kh1 Kf4 43. Re2 f6 44. Kh2 Rg8 45.
Kh1 Kg3 46. Kg1 Rga8 47. Rf2 Ra2 48. Rbf1 Rxf2 49. Rxf2 Ra1+ 50. Rf1 Rxf1+
51. Kxf1 Kh2 52. Kf2 Kh1 53. f4 Kh2 54. e5 fxe5 55. f5 e4 56. f6 c4 57. f7
cxb3 58. f8=Q b2 59. Qf4+ Kh1 60. Qxe4 Kh2 61. Qb1 h5 62. Qg1# { Black
checkmated } 1-0

[Event "ICC tourney 2556 (25 5)"]
[Site "Internet Chess Club"]
[Date "2021.05.08"]
[Round "4"]
[White "SRIADITYA KUNAPULI, SIDDARTH:K05-16368693"]
[Black "ERVIN KAPLAN, MILES:K05-16937188"]
[Result "1-0"]
[ICCResult "Black checkmated"]
[WhiteElo "1533"]
[BlackElo "1202"]
[Opening "Scotch gambit"]
[ECO "C44"]
[NIC "SO.06"]
[Time "17:34:33"]
[PlyCount "107"]
[TimeControl "1500+5"]

1. e4 e5 2. Nf3 Nc6 3. d4 exd4 4. Bc4 Bc5 5. c3 dxc3 6. Bxf7+ Kxf7 7. Qd5+
Ke8 8. Qh5+ Kf8 9. Qxc5+ d6 10. Qxc3 Qe7 11. O-O Qxe4 12. Re1 Qb4 13. Qe3
Nf6 14. Nc3 Bd7 15. Bd2 Re8 16. Qd3 Rxe1+ 17. Rxe1 Qc5 18. Ne4 Qf5 19. Nh4
Ne5 20. Qb3 Qg4 21. Nxf6 Qxh4 22. Nxd7+ Nxd7 23. Qe6 Qd8 24. Bg5 Nf6 25.
Re3 Qd7 26. Qxd7 Nxd7 27. Re7 Ne5 28. Rxc7 g6 29. Bh6+ Ke8 30. Rc8+ Kd7 31.
Rxh8 Nf7 32. Rxh7 Ke6 33. Be3 Ne5 34. Bxa7 b6 35. Bxb6 Nf7 36. a4 Ne5 37.
a5 Nc6 38. a6 d5 39. a7 Nxa7 40. Rxa7 d4 41. Bxd4 g5 42. b4 g4 43. b5 g3
44. fxg3 Kd6 45. b6 Kc6 46. b7 Kd6 47. b8=Q+ Kc6 48. Rc7+ Kd5 49. Qd8+ Ke4
50. Re7+ Kf5 51. Qf8+ Kg6 52. Rg7+ Kh6 53. Be3+ Kh5 54. Rg5# { Black
checkmated } 1-0

[Event "ICC tourney 2556 (25 5)"]
[Site "Internet Chess Club"]
[Date "2021.05.08"]
[Round "4"]
[White "RIAZ, RAYHAN:K05-16543002"]
[Black "SRIVASTAVA KHARE, AVNI:K05-16824142"]
[Result "1-0"]
[ICCResult "Black resigns"]
[WhiteElo "1478"]
[BlackElo "780"]
[Opening "King's Indian: Smyslov system"]
[ECO "E61"]
[NIC "KI.76"]
[Time "17:34:13"]
[PlyCount "85"]
[TimeControl "1500+5"]

1. d4 Nf6 2. c4 g6 3. Nc3 Bg7 4. Nf3 d6 5. Bg5 O-O 6. e3 Nc6 7. Bd3 e5 8.
d5 Nb4 9. Bb1 Bg4 10. O-O h6 11. Bh4 g5 12. Bg3 Re8 13. e4 c6 14. a3 Na6
15. Ba2 cxd5 16. cxd5 Nc5 17. Re1 Rb8 18. b4 Na6 19. Rc1 Nc7 20. Qd3 Rc8
21. h4 Bxf3 22. Qxf3 g4 23. Qe3 a6 24. a4 b5 25. axb5 axb5 26. Bb1 Nh5 27.
Bd3 Nxg3 28. Qxg3 Qd7 29. h5 Rb8 30. Be2 Na6 31. Bxg4 Qd8 32. Rb1 Rc8 33.
Bxc8 Qxc8 34. Nxb5 Qb8 35. Nc3 Rc8 36. b5 Nc5 37. Re3 Kh7 38. Rf3 Rf8 39.
Qg4 Qb7 40. Qf5+ Kh8 41. Ne2 Qd7 42. Qxd7 Nxd7 43. b6 { Black resigns } 1-0

[Event "ICC tourney 2556 (25 5)"]
[Site "Internet Chess Club"]
[Date "2021.05.08"]
[Round "4"]
[White "RAJ ALAGUMALAI, GAUTHAM:K05-17028646"]
[Black "HU, ANGELA:K05-16747812"]
[Result "1-0"]
[ICCResult "Black resigns"]
[WhiteElo "890"]
[BlackElo "1237"]
[Opening "Three knights game"]
[ECO "C46"]
[NIC "KP.06"]
[Time "17:34:32"]
[PlyCount "70"]
[TimeControl "1500+5"]

1. e4 e5 2. Nf3 Nc6 3. Nc3 Bc5 4. Nxe5 Nxe5 5. d4 Bxd4 6. Qxd4 d6 7. Bf4
Be6 8. Bxe5 dxe5 9. Qxe5 Nf6 10. Bd3 O-O 11. O-O-O Qe7 12. Nd5 Qd8 13. Nxc7
Ng4 14. Nxe6 Nxe5 15. Nxd8 Rfxd8 16. f4 Ng4 17. Be2 Nf2 18. Rxd8+ Rxd8 19.
Re1 Nxe4 20. Rd1 Rxd1+ 21. Kxd1 f5 22. Bf3 Kf7 23. Bxe4 fxe4 24. Ke2 Kf6
25. Ke3 Kf5 26. a3 b5 27. h3 h5 28. b3 h4 29. c4 bxc4 30. bxc4 Ke6 31. Kxe4
Kd6 32. Kd4 g6 33. c5+ Ke6 34. a4 a5 35. Kc4 Kd7 { Black resigns } 1-0

[Event "ICC tourney 2556 (25 5)"]
[Site "Internet Chess Club"]
[Date "2021.05.08"]
[Round "4"]
[White "SUAREZ, SEBASTIAN:K05-16875347"]
[Black "RAJASEKHARA, CHAMESH:K05-16661211"]
[Result "1-0"]
[ICCResult "Black checkmated"]
[WhiteElo "1414"]
[BlackElo "972"]
[Opening "Sicilian: Smith-Morra gambit"]
[ECO "B21"]
[NIC "SI.48"]
[Time "17:32:55"]
[PlyCount "157"]
[TimeControl "1500+5"]

1. e4 c5 2. d4 cxd4 3. c3 dxc3 4. Nxc3 Nc6 5. Nf3 g6 6. Bc4 d6 7. Bf4 Bg7
8. Rc1 Nf6 9. O-O O-O 10. Re1 e5 11. Bg3 a6 12. Nd5 Qd7 13. Nxf6+ Bxf6 14.
Bd5 Qc7 15. Re3 Bg7 16. Rec3 Bd7 17. Qe2 Bh6 18. Nd2 Nd4 19. Qe1 Qd8 20. f3
Rb8 21. Bf2 Nb5 22. R3c2 Be6 23. Bxe6 fxe6 24. Be3 Bxe3+ 25. Qxe3 Nd4 26.
Rc7 Nb5 27. R7c4 Qe7 28. a4 Nd4 29. Rc7 Qf6 30. R7c3 Qf4 31. Qxf4 exf4 32.
Kf2 e5 33. Nb3 Nxb3 34. Rxb3 Rf7 35. Rd3 Rd7 36. Rdc3 Rbd8 37. Ke2 Kf7 38.
Rc7 Kf6 39. R1c2 h6 40. R2c4 Ke6 41. Rc2 Kf6 42. b4 Ke6 43. b5 axb5 44.
axb5 Rxc7 45. Rxc7 Rd7 46. Rc8 Re7 47. Kd3 h5 48. Kc4 Rd7 49. b6 d5+ 50.
exd5+ Rxd5 51. Re8+ Kf7 52. Kxd5 Kxe8 53. Kxe5 Ke7 54. Kxf4 Kd6 55. g4 Kc6
56. gxh5 gxh5 57. Ke5 Kxb6 58. f4 Kc6 59. f5 b5 60. f6 b4 61. Ke6 b3 62. f7
b2 63. f8=Q b1=Q 64. Qc8+ Kb5 65. Qb7+ Kc4 66. Qxb1 Kc5 67. Qd3 Kc6 68.
Qd6+ Kb5 69. Qc7 Kb4 70. Kd5 Kb3 71. Kd4 Kb2 72. Kd3 Kb1 73. Qc2+ Ka1 74.
Qc3+ Kb1 75. Qc6 Kb2 76. Kd2 Kb1 77. Qb5+ Ka2 78. Kc2 Ka1 79. Qa5# { Black
checkmated } 1-0

[Event "ICC tourney 2556 (25 5)"]
[Site "Internet Chess Club"]
[Date "2021.05.08"]
[Round "4"]
[White "WANG, HANBIN:K05-16715670"]
[Black "JAMES KONG, MILO:K05-16203724"]
[Result "0-1"]
[ICCResult "White resigns"]
[WhiteElo "1049"]
[BlackElo "1570"]
[Opening "French defense"]
[ECO "C01"]
[NIC "FR.01"]
[Time "17:33:10"]
[PlyCount "74"]
[TimeControl "1500+5"]

1. e4 e6 2. d4 b6 3. Nf3 Bb7 4. Bd3 Nf6 5. Nbd2 d5 6. exd5 Bxd5 7. c4 Bb7
8. O-O c5 9. Nb3 cxd4 10. Nfxd4 Nc6 11. Nxc6 Bxc6 12. Bf4 Bd6 13. Bxd6 Qxd6
14. Be2 Qc7 15. Bf3 Bxf3 16. Qxf3 Rd8 17. Rac1 O-O 18. c5 Rd5 19. cxb6 Qxb6
20. Qe3 Qxe3 21. fxe3 Ng4 22. Rf3 Rfd8 23. Rcf1 Rd1 24. h3 Rxf1+ 25. Kxf1
Nh2+ 26. Ke2 Nxf3 27. Kxf3 Rd1 28. Nc5 Rd2 29. g4 Rxb2 30. a4 Rc2 31. Nd7
Rc4 32. a5 Ra4 33. e4 Rxa5 34. Ke3 Rb5 35. Kd4 a5 36. Nc5 a4 37. Nxa4 Rb4+
{ White resigns } 0-1

[Event "ICC tourney 2556 (25 5)"]
[Site "Internet Chess Club"]
[Date "2021.05.08"]
[Round "4"]
[White "WILLY, STEPHEN:K05-17088783"]
[Black "REN, JOCELYN:K05-16899282"]
[Result "1-0"]
[ICCResult "Black resigns"]
[WhiteElo "1643"]
[BlackElo "1234"]
[Opening "Giuoco Piano"]
[ECO "C50"]
[NIC "IG.02"]
[Time "17:32:51"]
[PlyCount "99"]
[TimeControl "1500+5"]

1. e4 e5 2. Nf3 Nc6 3. Bc4 Bc5 4. O-O Nf6 5. c3 d6 6. d4 exd4 7. cxd4 Bb6
8. Nc3 O-O 9. Bg5 Bg4 10. Kh1 Nxd4 11. Nd5 Nxf3 12. gxf3 Be6 13. Nxf6+ gxf6
14. Bh6 Kh8 15. Bxe6 fxe6 16. Bxf8 Qxf8 17. Qb3 Qf7 18. Rg1 Re8 19. Rg2 d5
20. Rag1 c6 21. Qc3 e5 22. Qc1 Qh5 23. f4 Qf3 24. fxe5 fxe5 25. Qh6 Qf7 26.
h3 Bxf2 27. Rxf2 Qe7 28. Rfg2 Qf7 29. exd5 cxd5 30. Rf2 Qe7 31. Rgf1 Kg8
32. Rf7 Qxf7 33. Rxf7 Kxf7 34. Qxh7+ Ke6 35. Qxb7 d4 36. Qxa7 Re7 37. Qb6+
Kf5 38. Qc5 Rg7 39. Qc8+ Ke4 40. Qc6+ Kd3 41. Qf6 Rg3 42. Qxe5 Rxh3+ 43.
Kg2 Re3 44. Qb5+ Kd2 45. Kf2 Re4 46. Qg5+ Kd3 47. Qf5 Kd2 48. Qxe4 d3 49.
a4 Kc2 50. a5 { Black resigns } 1-0

[Event "ICC tourney 2556 (25 5)"]
[Site "Internet Chess Club"]
[Date "2021.05.08"]
[Round "4"]
[White "GUI, SUYUAN:K05-16962930"]
[Black "WANG, ETHAN:K05-15914623"]
[Result "0-1"]
[ICCResult "White forfeits on time"]
[WhiteElo "989"]
[BlackElo "1409"]
[Opening "Sicilian: closed"]
[ECO "B23"]
[NIC "SI.44"]
[Time "17:31:44"]
[PlyCount "52"]
[TimeControl "1500+5"]

1. e4 c5 2. Nc3 e6 3. g3 a6 4. d3 b5 5. Bg2 Bb7 6. a3 Nf6 7. Nge2 d6 8. O-O
Nbd7 9. f4 Be7 10. h3 O-O 11. g4 Qb8 12. Ng3 Bd8 13. f5 e5 14. g5 Ne8 15.
h4 Kh8 16. h5 Qc7 17. g6 Nef6 18. gxh7 Nxh7 19. h6 Rg8 20. hxg7+ Rxg7 21.
Nh5 Rg8 22. Rf3 Bg5 23. Rh3 Bxc1 24. Qxc1 Rg5 25. Kf1 Rag8 26. Rh2 Qd8 {
White forfeits on time } 0-1

[Event "ICC tourney 2556 (25 5)"]
[Site "Internet Chess Club"]
[Date "2021.05.08"]
[Round "4"]
[White "WOLFE, JAXON:K05-16374716"]
[Black "CAO, EVAN:K05-16823573"]
[Result "1-0"]
[ICCResult "Black checkmated"]
[WhiteElo "1543"]
[BlackElo "1025"]
[Opening "Giuoco Piano"]
[ECO "C50"]
[NIC "IG.02"]
[Time "17:33:55"]
[PlyCount "189"]
[TimeControl "1500+5"]

1. e4 e5 2. Nf3 Nc6 3. Bc4 Bc5 4. O-O Nf6 5. d3 d6 6. h3 h6 7. Nc3 O-O 8.
Be3 Bb6 9. Qd2 Nh7 10. Nd5 Be6 11. Nxb6 axb6 12. Bxe6 fxe6 13. Nh2 Qf6 14.
a3 Ng5 15. Ng4 Qg6 16. Bxg5 Qxg5 17. Qxg5 hxg5 18. c3 d5 19. exd5 exd5 20.
Rfe1 Rae8 21. Re2 Rf4 22. Rae1 Ref8 23. f3 d4 24. c4 Re8 25. Nxe5 Nxe5 26.
Rxe5 Ra8 27. Rxg5 c6 28. Rg4 Rxg4 29. hxg4 Ra5 30. Re4 c5 31. Kf2 b5 32.
Re6 bxc4 33. dxc4 Ra4 34. Ke2 Rxc4 35. Kd2 Kf7 36. Rb6 Kg8 37. Rxb7 Kh7 38.
Re7 Kg6 39. f4 d3 40. g3 Rc2+ 41. Kxd3 Rxb2 42. Re3 Ra2 43. Ke4 Rc2 44. Rf3
c4 45. Kd4 Rc1 46. Rc3 Rg1 47. Kxc4 Kf6 48. a4 Ra1 49. Kb4 Rb1+ 50. Kc5 Ra1
51. Kb5 Rb1+ 52. Ka5 Rg1 53. Ka6 g5 54. Rc6+ Kf7 55. a5 gxf4 56. gxf4 Rxg4
57. Kb7 Rxf4 58. a6 Rb4+ 59. Rb6 Ra4 60. a7 Ke7 61. a8=Q Rxa8 62. Kxa8 Kd7
63. Rb1 Kc6 64. Ka7 Kc5 65. Ka6 Kc4 66. Rb5 Kc3 67. Kb6 Kc4 68. Kc6 Kd4 69.
Ra5 Ke4 70. Kd6 Kf4 71. Ke6 Kg4 72. Kf6 Kh4 73. Kg6 Kg4 74. Ra4+ Kf3 75.
Kf5 Ke3 76. Rh4 Kd3 77. Ke5 Kc3 78. Kd5 Kb3 79. Kc5 Ka3 80. Kb5 Kb3 81.
Rh3+ Kc2 82. Kc4 Kd2 83. Ra3 Ke2 84. Kd4 Kf2 85. Ke4 Kg2 86. Kf4 Kh2 87.
Kg4 Kg2 88. Ra2+ Kf1 89. Kf3 Ke1 90. Rh2 Kd1 91. Ke3 Kc1 92. Kd3 Kb1 93.
Kc3 Ka1 94. Kb3 Kb1 95. Rh1# { Black checkmated } 1-0

[Event "ICC tourney 2556 (25 5)"]
[Site "Internet Chess Club"]
[Date "2021.05.08"]
[Round "4"]
[White "FRIEDL, WILSON:K05-16885193"]
[Black "DIAZ, ISAAC:K05-16913526"]
[Result "0-1"]
[ICCResult "White checkmated"]
[WhiteElo "493"]
[BlackElo "853"]
[Opening "Queen's pawn: Chigorin variation"]
[ECO "D00"]
[NIC "QP.08"]
[Time "17:34:16"]
[PlyCount "94"]
[TimeControl "1500+5"]

1. d4 d5 2. Nc3 Nf6 3. Nf3 Nc6 4. Bf4 g6 5. e3 Bg7 6. Bb5 Bd7 7. O-O O-O 8.
Re1 a6 9. Bd3 Nb4 10. g3 Nxd3 11. cxd3 Bf5 12. Nh4 Bg4 13. f3 Bd7 14. Rc1
b5 15. a3 Nh5 16. g4 Nxf4 17. exf4 e6 18. Rc2 Qxh4 19. Rg2 Qe7 20. h3 a5
21. h4 Qxh4 22. Rh2 Qg3+ 23. Rg2 Qxf4 24. Ne2 Qxf3 25. Rf1 Qe3+ 26. Rff2
Qg5 27. Kf1 Qe7 28. Rg1 e5 29. dxe5 Bxe5 30. Ke1 b4 31. axb4 Qxb4+ 32. Kf1
Qxb2 33. Ke1 Qb4+ 34. Kf1 Bxg4 35. Rxg4 Qxg4 36. Ke1 Rfe8 37. d4 Bxd4 38.
Kd2 Bxf2 39. Kc2 Rxe2+ 40. Kc3 Rb8 41. Kd3 a4 42. Qxe2 Rb3+ 43. Kd2 Qf4+
44. Qe3 Qxe3+ 45. Kc2 Rc3+ 46. Kb2 Qd2+ 47. Kb1 Rc1# { White checkmated }
0-1

[Event "ICC tourney 2556 (25 5)"]
[Site "Internet Chess Club"]
[Date "2021.05.08"]
[Round "4"]
[White "KASERA, SAANVI:K05-16376033"]
[Black "CHIRAG SHETTY, TANISH:K05-15984457"]
[Result "0-1"]
[ICCResult "White checkmated"]
[WhiteElo "951"]
[BlackElo "1355"]
[Opening "Sicilian defense"]
[ECO "B20"]
[NIC "SI.48"]
[Time "17:33:49"]
[PlyCount "108"]
[TimeControl "1500+5"]

1. e4 c5 2. Bc4 e6 3. Nc3 Nc6 4. d3 Nf6 5. Bg5 Be7 6. Nf3 a6 7. a4 O-O 8.
Qe2 d5 9. Bb3 d4 10. Na2 e5 11. h3 Qd6 12. c3 b5 13. cxd4 Nxd4 14. Nxd4
Qxd4 15. O-O bxa4 16. Be3 Qd7 17. Bc2 a5 18. Nc3 Ba6 19. Bxa4 Qb7 20. Rab1
Nxe4 21. Nxe4 Qxe4 22. dxe4 Bxe2 23. Rfe1 Bd3 24. Rbd1 c4 25. Bc6 Rab8 26.
Bc1 Bb4 27. Bd2 Bxd2 28. Rxd2 Rfc8 29. Bd7 Rc7 30. Ba4 Rcb7 31. Red1 Rxb2
32. Rxb2 Rxb2 33. Bc6 Rb1 34. Rxb1 Bxb1 35. Kf1 Bc2 36. Ke1 Bb3 37. Kd2 a4
38. Kc1 a3 39. Kb1 c3 40. Bd5 a2+ 41. Ka1 Bxd5 42. exd5 c2 43. Kb2 a1=Q+
44. Kxa1 c1=Q+ 45. Ka2 Qc4+ 46. Kb2 Qxd5 47. Kc2 Qxg2 48. Kd3 Qxf2 49. Ke4
Qd4+ 50. Kf5 g6+ 51. Kf6 e4+ 52. Kg5 Qe3+ 53. Kg4 h5+ 54. Kh4 Qf4# { White
checkmated } 0-1

[Event "ICC tourney 2556 (25 5)"]
[Site "Internet Chess Club"]
[Date "2021.05.08"]
[Round "4"]
[White "SAIMADHAV CHALLA, KARUNYA:K05-17096756"]
[Black "PARHAR, VIVAAN:K05-16000954"]
[Result "0-1"]
[ICCResult "White resigns"]
[WhiteElo "781"]
[BlackElo "1148"]
[Opening "French: exchange variation"]
[ECO "C01"]
[NIC "FR.01"]
[Time "17:32:13"]
[PlyCount "172"]
[TimeControl "1500+5"]

1. e4 e6 2. d4 d5 3. exd5 exd5 4. Nc3 Nf6 5. Nf3 Bb4 6. Bd2 O-O 7. Be2 Bf5
8. O-O Nc6 9. a3 Ba5 10. b4 Bb6 11. b5 Nxd4 12. Nxd4 Bxd4 13. Rc1 h6 14.
Na4 Bd7 15. Bc3 Bxc3 16. Nxc3 Bf5 17. Bf3 d4 18. Ne2 Be4 19. Nxd4 Bxf3 20.
Nxf3 c6 21. bxc6 bxc6 22. c4 c5 23. Qa4 Qb6 24. Ra1 a6 25. Rfb1 Qc7 26. Rc1
Ng4 27. Qc2 h5 28. h3 Nf6 29. Re1 a5 30. Qe2 Rfe8 31. Qd3 Rad8 32. Qc2 Qc6
33. Rab1 Kf8 34. Rb5 Qc7 35. Rxe8+ Rxe8 36. Qa4 Qf4 37. Rxc5 Ne4 38. Rd5
Nc3 39. Rd4 Qc1+ 40. Rd1 Nxd1 41. Qxa5 Ne3+ 42. Kh2 Nf1+ 43. Kg1 Ng3+ 44.
Kh2 Nf1+ 45. Kg1 Nd2+ 46. Kh2 Nxf3+ 47. gxf3 Qf4+ 48. Kg2 Kg8 49. Qc5 Re5
50. Qb6 Rg5+ 51. Kf1 Qc1+ 52. Ke2 Qxc4+ 53. Kd2 Rd5+ 54. Ke1 Re5+ 55. Kd1
Rd5+ 56. Ke1 Qc1+ 57. Ke2 Qd2+ 58. Kf1 Qd3+ 59. Kg2 Rg5+ 60. Kh2 Qxf3 61.
Qd8+ Kh7 62. Qxg5 Qxf2+ 63. Kh1 Qf3+ 64. Kh2 Qxa3 65. Qxh5+ Kg8 66. Qf5
Qb2+ 67. Kg3 Qb8+ 68. Kg4 Qb4+ 69. Kg3 Qe1+ 70. Kg4 Qe2+ 71. Kf4 Qf2+ 72.
Kg4 Qxf5+ 73. Kxf5 Kh7 74. Kg4 Kg6 75. h4 Kh6 76. h5 g6 77. hxg6 Kxg6 78.
Kf3 Kf5 79. Ke3 Kg4 80. Ke4 f5+ 81. Ke3 f4+ 82. Kf2 f3 83. Kf1 Kf4 84. Kg1
Ke3 85. Kf1 f2 86. Kg2 Ke2 { White resigns } 0-1

[Event "ICC tourney 2556 (25 5)"]
[Site "Internet Chess Club"]
[Date "2021.05.08"]
[Round "4"]
[White "ARUTLA, ADITYA:K05-16207801"]
[Black "SHETTY, DARSH:K05-16728985"]
[Result "1-0"]
[ICCResult "Black checkmated"]
[WhiteElo "1676"]
[BlackElo "1431"]
[Opening "QGD: exchange, positional line"]
[ECO "D35"]
[NIC "QO.16"]
[Time "17:32:04"]
[PlyCount "119"]
[TimeControl "1500+5"]

1. d4 Nf6 2. c4 e6 3. Nc3 d5 4. cxd5 exd5 5. Bg5 Nbd7 6. e3 Be7 7. Bd3 c6
8. Qc2 h6 9. Bh4 O-O 10. Nge2 Re8 11. O-O Ne4 12. Bxe7 Qxe7 13. Ng3 Ndf6
14. Rfe1 Bd7 15. f3 Nxg3 16. hxg3 Qd6 17. Qf2 c5 18. e4 cxd4 19. Qxd4 Qxg3
20. e5 Bc6 21. Re3 Nh5 22. Ne2 Qg5 23. f4 Qe7 24. Rh3 g6 25. g4 Ng7 26.
Rxh6 Ne6 27. Kg2 Nxd4 28. Rah1 f6 29. Rh8+ Kf7 30. R1h7+ Ke6 31. Nxd4+ Kd7
32. exf6 Qxh7 33. Rxh7+ Kd6 34. Bxg6 Rf8 35. g5 Rh8 36. Nf5+ Kc5 37. f7 d4+
38. Kf2 Bd5 39. Rxh8 Rxh8 40. Bh5 d3 41. g6 Bxf7 42. gxf7 Rf8 43. Ng7 Kd6
44. f5 Ke7 45. Ne6 Rxf7 46. Bxf7 Kxf7 47. Ke3 Kf6 48. Nd4 Ke5 49. Kxd3 a6
50. a4 b6 51. Ke3 a5 52. b3 Kf6 53. Kf4 Kf7 54. Ke5 Ke7 55. f6+ Kf7 56. Kf5
Kf8 57. Ke6 Ke8 58. f7+ Kf8 59. Kf6 b5 60. Ne6# { Black checkmated } 1-0